 Dungeon Crawl Stone Soup version 0.23.2 (webtiles) character file.

Game seed: 10845418465834936491

5360 Borgoz the Slicer (level 10, -7/61 HPs)
             Began as a Gargoyle Gladiator on Apr 8, 2019.
             Was a Follower of Ashenzari.
             Splashed by Maurice's acid (12 damage)
             ... on level 8 of the Dungeon.
             The game lasted 00:14:33 (8904 turns).

Borgoz the Slicer (Gargoyle Gladiator)              Turns: 8904, Time: 00:14:35

Health: -7/61      AC: 15    Str: 24    XL:     10   Next: 65%
Magic:  11/11      EV: 15    Int:  8    God:    Ashenzari [*.....]
Gold:   269        SH:  4    Dex: 14    Spells: 9/9 levels left

rFire    . . .     SeeInvis .   a - +0 rapier (elec) (curse)
rCold    . . .     Gourm    .   (no shield)
rNeg     + . .     Faith    .   y - +0 ring mail {MR+}
rPois    ∞         Spirit   .   E - +1 hat
rElec    +         Reflect  .   (no cloak)
rCorr    .         Harm     .   w - +1 pair of gloves
MR       +++..                  h - +1 pair of boots
Stlth    +++.......             (no amulet)
HPRegen  0.20/turn              p - +5 ring of strength (curse)
MPRegen  0.12/turn              B - ring of protection from magic

@: corroded
A: large bone plates 1, magic resistance 1, negative energy resistance 1, sense
surroundings 1, electricity resistance, unbreathing, petrification resistance,
rot immunity, AC +7
a: Curse Item, Scrying, Renounce Religion


You were on level 8 of the Dungeon.
You worshipped Ashenzari.
Ashenzari was aware of your devotion.
You were not hungry.

You visited 2 branches of the dungeon, and saw 9 of its levels.

You collected 493 gold pieces.
You spent 224 gold pieces at shops.

Inventory:

Hand Weapons
 a - a cursed +0 rapier of electrocution (weapon)
 b - a +0 dagger of venom
 u - a +0 rapier
 x - a +2 dagger of flaming
Missiles
 c - 3 steel tomahawks
 d - 2 throwing nets (quivered)
 k - 4 javelins
 q - 22 tomahawks
Armour
 h - a +1 pair of boots (worn)
 m - the +2 ratskin cloak {+Rats rPois rN+ Str-1 Int-1 Dex+1}
   (You found it on level 7 of the Dungeon)

   It affects your strength (-1).
   It affects your intelligence (-1).
   It affects your dexterity (+1).
   It protects you from poison.
   It protects you from negative energy.
 w - a +1 pair of gloves (worn)
 y - a +0 ring mail of magic resistance (worn)
 E - a +1 hat (worn)
Jewellery
 p - a cursed +5 ring of strength (left hand)
 z - an uncursed ring of protection from fire
 B - a ring of protection from magic (right hand)
 C - an uncursed amulet of magic regeneration
Wands
 e - a wand of iceblast (4)
 r - a wand of acid (11)
Scrolls
 g - 3 scrolls of teleportation
 l - a scroll of fog
 n - a scroll of enchant armour
 o - a scroll of blinking
 s - a scroll of fear
 t - 2 scrolls of amnesia
 v - 3 scrolls of remove curse
Potions
 i - 2 potions of heal wounds
 j - a potion of agility
 A - a potion of ambrosia {unknown}
 F - a potion of might
 G - a potion of haste
Comestibles
 f - 15 rations


   Skills:
 + Level 6.6 Fighting
 * Level 8.0 Short Blades
 - Level 1.7 Throwing
 + Level 6.2 Armour
 * Level 7.3 Dodging
 + Level 6.7 Stealth
 + Level 2.1 Evocations


You had 9 spell levels left.
You didn't know any spells.
Your spell library contained the following spells:

 Spells                   Type           Power        Failure   Level  Hunger
 Ensorcelled Hibernation  Hex/Ice        #.....       67%         2    ###....
 Borgnjor's Vile Clutch   Necr/Erth      #.........   100%        5    ######.
 Silence                  Hex/Air        #.........   100%        5    ######.
 Darkness                 Hex            #.........   100%        6    #######
 Shadow Creatures         Summ           N/A          100%        6    #######


Dungeon Overview and Level Annotations

Branches:
Dungeon (8/15)             Temple (1/1) D:5
   Lair: D:8-11

Altars:
Ashenzari
Cheibriados
Dithmenos
Elyvilon
Fedhas
Gozag
Hepliaklqana
Kikubaaqudgha
Nemelex Xobeh
Okawaru
Qazlal
Ru
Sif Muna
Trog
Uskayaw
Vehumet
Wu Jian
Xom
Yredelemnul
Zin
The Shining One

Shops:
D:5 ?   D:8 !

Annotations:
D:8 Maurice


Innate Abilities, Weirdness & Mutations

You are resistant to torment.
Your stone body is resilient. (AC +7)
You are immune to poison.
You resist negative energy. (rN+)
You are resistant to electric shocks. (rElec)
You can survive without breathing.
You are immune to petrification.
You are immune to rotting.
You are partially covered in large bone plates. (SH +4)
You are resistant to hostile enchantments. (MR+)
You passively map a small area around you.


Message History

You puncture the chaos spawn!
Lightning courses through the chaos spawn!
You kill the chaos spawn!
The chaos spawn degenerates into a cloud of primal chaos!
You hear a zap.
A bolt of acid appears from out of thin air!
The bolt of acid hits you but does no damage.
You are splashed with acid!
* * * LOW HITPOINT WARNING * * *
The water moccasin zombie bites you but does no damage.
You puncture something! Lightning courses through something!
Something hits you but does no damage.
The water moccasin zombie bites you but does no damage.
You hit something.
You hear a zap.
A bolt of acid appears from out of thin air!
The bolt of acid hits you!
* * * LOW HITPOINT WARNING * * *
The acid corrodes you!
You are splashed with acid!
You die...

* * , ,.....## ** ⌠
!.... * , * +.,,......#
,.. , #.≈ ,.....#*..)
...⌠ #..#.##... , * ,
⌠_.)'#[.#...... .
#.....{......#, , .
#⌠#...Z@..# ,... .
.⌠..#.§...# .. #....
≈8#...#...# *.. * #....
* , ..........##*.#, *
#.... ,
*........<..#*.#,, #....
...........##.# .# *#...
*
#########.....##...##...
#####.#....#........
#.......##.........<


You could see a water moccasin zombie.

Vanquished Creatures
  Gastronok (D:8)
  An unseen horror (D:5)
  Pikel (D:7)
  A hippogriff (D:7)
  2 chaos spawn (D:8)
  Edmund (D:4)
  Menkaure (D:7)
  Duvessa (D:4)
  An orc warrior (D:7)
  A sky beast (D:7)
  A phantom (D:6)
  4 slaves (D:7)
  2 necrophages (D:8)
  3 ogres
  2 bullfrogs (D:5)
  Dowan (D:4)
  2 scorpions (D:6)
  A water moccasin skeleton (D:7)
  2 wights (D:8)
  2 crimson imps (D:5)
  A bullfrog zombie (D:6)
  6 orc wizards
  A jelly (D:7)
  4 orc priests
  5 hounds
  A bullfrog skeleton (D:4)
  An iguana (D:4)
  4 worker ants
  A hell rat (D:7)
  A hound zombie (D:8)
  2 mummies (D:8)
  A worker ant zombie (D:6)
  4 gnolls
  4 adders
  A howler monkey skeleton (D:5)
  6 river rats (D:7)
  2 shadow imps
  2 oozes
  An adder zombie (D:6)
  An adder skeleton (D:5)
  3 worms
  2 dart slugs (D:1)
  3 leopard geckos
  18 orcs
  A giant cockroach (D:4)
  12 goblins
  13 hobgoblins
  6 kobolds
  3 ball pythons
  5 bats
  3 frilled lizards
  A giant cockroach zombie (D:5)
  A leopard gecko zombie (D:6)
  A quokka skeleton (D:6)
  21 rats
173 creatures vanquished.

Notes
Turn   | Place    | Note
-------+----------+-------------------------------------------
     0 | D:1      | Borgoz the Gargoyle Gladiator began the quest for the Orb.
     0 | D:1      | Reached XP level 1. HP: 12/12 MP: 1/1
    51 | D:1      | Reached XP level 2. HP: 12/17 MP: 2/2
   148 | D:1      | Reached skill level 3 in Short Blades
   358 | D:1      | Reached XP level 3. HP: 22/22 MP: 3/3
   488 | D:1      | Reached skill level 1 in Stealth
   646 | D:1      | Reached skill level 1 in Armour
  1466 | D:2      | Reached XP level 4. HP: 20/27 MP: 4/4
  2297 | D:2      | Reached XP level 5. HP: 30/32 MP: 5/5
  3238 | D:3      | Found an ancient bone altar of Kikubaaqudgha.
  3275 | D:3      | Found a stormy altar of Qazlal.
  3277 | D:3      | Noticed a water elemental
  3278 | D:3      | Noticed an air elemental
  3278 | D:3      | Noticed a fire elemental
  3499 | D:3      | Reached XP level 6. HP: 15/37 MP: 6/6
  3508 | D:3      | Reached skill level 4 in Short Blades
  4242 | D:4      | Noticed Edmund
  4265 | D:4      | Killed Edmund
  4468 | D:4      | Reached XP level 7. HP: 35/41 MP: 7/7
  4573 | D:4      | Noticed Dowan
  4574 | D:4      | Noticed Duvessa
  4614 | D:4      | Killed Duvessa
  4615 | D:4      | Killed Dowan
  5312 | D:4      | Reached skill level 5 in Short Blades
  5312 | D:4      | Reached XP level 8. HP: 48/48 MP: 8/8
  5668 | D:5      | Entered Level 5 of the Dungeon
  5822 | D:5      | Found Uthykegh's Magic Scroll Shop.
  5965 | D:5      | Found a staircase to the Ecumenical Temple.
  5991 | Temple   | Entered the Ecumenical Temple
  6010 | Temple   | Became a worshipper of Ashenzari the Shackled
  6182 | D:5      | Found an iron altar of Okawaru.
  6435 | D:5      | Gained mutation: You occasionally shout uncontrollably at
                  | your foes. [potion of mutation]
  6435 | D:5      | Gained mutation: You are weak. (Str -2) [potion of
                  | mutation]
  6435 | D:5      | Gained mutation: Your large and strong wings let you fly
                  | indefinitely. [potion of mutation]
  6492 | D:5      | Killed an unseen horror
  6492 | D:5      | Reached skill level 5 in Fighting
  6492 | D:5      | Reached skill level 6 in Short Blades
  6492 | D:5      | Reached skill level 5 in Dodging
  6492 | D:5      | Reached XP level 9. HP: 27/54 MP: 9/9
  6493 | D:5      | Lost mutation: Your large and strong wings let you fly
                  | indefinitely. [potion of mutation]
  6493 | D:5      | Lost mutation: You are weak. (Str -2) [potion of mutation]
  6493 | D:5      | Lost mutation: You occasionally shout uncontrollably at
                  | your foes. [potion of mutation]
  6493 | D:5      | Gained mutation: You are resistant to hostile enchantments.
                  | (MR+) [potion of mutation]
  6493 | D:5      | Gained mutation: You passively map a small area around you.
                  | [potion of mutation]
  6493 | D:5      | Gained mutation: You are partially covered in large bone
                  | plates. (SH +4) [potion of mutation]
  7233 | D:6      | Reached skill level 5 in Stealth
  7482 | D:7      | Found a hazy altar of Hepliaklqana.
  7518 | D:7      | Reached * piety under Ashenzari
  7537 | D:7      | Noticed Pikel
  7585 | D:7      | Killed Pikel
  7585 | D:7      | Reached skill level 5 in Armour
  7722 | D:7      | Reached skill level 7 in Short Blades
  7880 | D:7      | Noticed Menkaure
  7884 | D:7      | Killed Menkaure
  8136 | D:7      | Found the +2 ratskin cloak {+Rats rPois rN+ Str-1 Int-1
                  | Dex+1}
  8362 | D:7      | Reached XP level 10. HP: 46/60 MP: 10/10
  8644 | D:8      | Noticed Gastronok
  8664 | D:8      | Killed Gastronok
  8664 | D:8      | Reached skill level 1 in Evocations
  8774 | D:8      | Found a glowing silver altar of Zin.
  8855 | D:8      | Found Feuleneq's Distillery.
  8862 | D:8      | Bought a potion of might for 64 gold pieces
  8862 | D:8      | Bought a potion of haste for 160 gold pieces
  8885 | D:8      | Found a shimmering altar of Xom.
  8885 | D:8      | Noticed Maurice
  8886 | D:8      | Found the +7 mace of Variability {chain chaos}
  8898 | D:8      | Reached skill level 8 in Short Blades
  8904 | D:8      | Splashed by Maurice's acid

Skill      XL: |  1  2  3  4  5  6  7  8  9 10 |
---------------+-------------------------------+-----
Short Blades   | 3 4 5 6 7 8 |  8.0
Stealth        | 1 2 3 4 6 |  6.7
Armour         | 1 2 3 4 5 6 |  6.2
Dodging        | 3 4 5 6 7 |  7.3
Fighting       | 3 4 5 6 |  6.6
Evocations     | 2 |  2.1
Throwing       | |  1.7

Action                   |  1- 3 |  4- 6 |  7- 9 | 10-12 || total
-------------------------+-------+-------+-------+-------++-------
Melee: Rapier            |   124 |    45 |   279 |    67 ||   515
       Dagger            |       |   132 |    48 |       ||   180
Throw: Throwing net      |       |     2 |       |       ||     2
Invok: Curse Item        |       |       |     2 |       ||     2
 Abil: Evoke Ratskin     |       |       |     1 |       ||     1
Evoke: Wand              |       |       |     3 |       ||     3
  Use: Scroll            |     4 |     1 |     5 |     1 ||    11
       Potion            |       |     1 |    10 |       ||    11
 Stab: Sleeping          |     2 |     1 |    12 |     2 ||    17
       Held in net/web   |       |     1 |       |       ||     1
       Distracted        |       |       |     2 |       ||     2
  Eat: Chunk             |     1 |     6 |    11 |     1 ||    19
       Ration            |       |     1 |     1 |       ||     2
Armor: Leather armour    |    43 |     3 |       |       ||    46
       Ring mail         |       |    60 |   148 |    19 ||   227
       Skin              |       |       |    31 |       ||    31
Dodge: Dodged            |    85 |   100 |   195 |    28 ||   408
Block: Other             |       |       |    55 |     7 ||    62
